AoeStats
← Preda

Black Forest

509812257Analyzed
3v3 RM · 5d ago on Sep 28, 2026· 51m 29s· 6 players
Game mode
Random Map
Map size
Normal (6 player)
Population
200
Speed
Normal
Resources
Standard
Victory
Conquest
Starting age
Dark Age
Ending age
Imperial Age
RankedLock teamsTeams togetherTeam positionsShared explorationLock speedFull tech treeHidden civsTurbo modeCheats
Victory
Defeat
🇺🇸 Britons · United States
1268
+11
🇺🇸 Poles · United States
1261
+11
🇦🇺 Burgundians · Australia
1128
+17
🇨🇦 Goths · Canada
1181
-14
🇲🇽 Portuguese · Mexico
1169
-14
🇲🇽 Italians · Mexico
1111
-11
Preda
10:06 Feudal Age
9:38 Loom
12:49 Wheelbarrow
12:19 Double-Bit Axe
16:34 Castle Age
15:17 Horse Collar
16:18 Gold Mining
21:38 Heavy Plow
22:33 Bow Saw
23:16 Town Watch
23:51 Hand Cart
25:03 Fletching
25:13 Padded Archer Armor
25:55 Elite Skirmisher
26:47 Bodkin Arrow
27:00 Elite Skirmisher
27:46 Thumb Ring
28:31 Leather Archer Armor
aaaaaaa
0:26 Loom
14:58 Feudal Age
19:16 Castle Age
17:21 Double-Bit Axe
19:22 Horse Collar
22:31 Bow Saw
22:25 Heavy Plow
23:27 Wheelbarrow
26:12 Hand Cart
27:40 Fortified Wall
27:19 Town Watch
27:59 Town Patrol
27:59 Gold Mining
28:09 Stone Mining
33:26 Imperial Age
31:36 Stone Shaft Mining
32:27 Fletching
32:37 Padded Archer Armor
33:04 Ballistics
32:55 Masonry
34:11 Bodkin Arrow
34:32 Leather Archer Armor
35:20 Chemistry
34:50 Architecture
35:17 Bracer
35:04 Elite Genoese Crossbowman
36:27 Hoardings
36:38 Scale Barding Armor
36:44 Forging
37:09 Bloodlines
36:20 Light Cavalry
38:33 Chain Barding Armor
38:48 Iron Casting
38:44 Ring Archer Armor
39:24 Conscription
40:43 Murder Holes
44:06 Plate Barding Armor
44:32 Blast Furnace
44:20 Hussar
49:33 Squires
48:54 Man-at-Arms
49:36 Scale Mail Armor
50:36 Long Swordsman
50:36 Pikeman
Broken Viking
9:51 Loom
13:35 Feudal Age
14:52 Double-Bit Axe
18:03 Castle Age
18:00 Horse Collar
18:32 Forging
18:23 Scale Mail Armor
20:44 Bow Saw
25:40 Fletching
26:22 Treadmill Crane
28:17 Squires
29:25 Anarchy
30:48 Chain Mail Armor
31:30 Iron Casting
31:04 Pikeman
37:48 Imperial Age
35:54 Wheelbarrow
38:49 Ballistics
39:33 Blast Furnace
37:55 Halberdier
37:55 Man-at-Arms
39:13 Perfusion
39:33 Conscription
40:23 Chemistry
40:39 Two-Man Saw
40:29 Conscription
40:08 Elite Huskarl
43:01 Gold Mining
HUNGRY-4-FOOD
11:20 Feudal Age
15:27 Castle Age
13:52 Double-Bit Axe
16:36 Bow Saw
16:08 Horse Collar
21:55 Wheelbarrow
21:06 Loom
21:08 Town Watch
22:44 Fishing Lines
25:26 Bloodlines
25:17 Husbandry
25:30 Horse Collar
26:30 Scale Barding Armor
28:02 Chain Barding Armor
32:08 Imperial Age
30:09 Forging
31:06 Light Cavalry
32:17 Cavalier
33:19 Szlachta Privileges
33:35 Conscription
34:13 Iron Casting
33:46 Gillnets
36:37 Blast Furnace
37:07 Caravan
37:56 Heavy Plow
37:47 Gold Mining
37:47 Stone Mining
40:27 Siege Engineers
40:46 Winged Hussar
42:57 Crop Rotation
43:03 Stone Shaft Mining
42:49 Hand Cart
42:35 Town Patrol
42:23 Elite Obuch
43:05 Scale Mail Armor
43:10 Fletching
45:17 Coinage
45:27 Chain Mail Armor
45:30 Squires
45:17 Arson
46:38 Plate Mail Armor
47:54 Bodkin Arrow
48:00 Padded Archer Armor
47:21 Elite Skirmisher
48:44 Thumb Ring
49:14 Bracer
52:32 Chemistry
dog w sunglasses
0:57 Loom
12:06 Feudal Age
14:00 Wheelbarrow
16:32 Castle Age
14:23 Double-Bit Axe
19:11 Bow Saw
19:31 Fletching
19:39 Gold Mining
22:25 Hand Cart
22:06 Crossbowman
23:44 Bodkin Arrow
24:43 Padded Archer Armor
26:34 Leather Archer Armor
29:38 Ballistics
33:30 Gold Shaft Mining
32:45 Stone Mining
35:39 Imperial Age
35:44 Arbalester
37:10 Yeomen
37:35 Bracer
38:42 Conscription
39:35 Chemistry
39:00 Town Watch
39:31 Guilds
40:26 Ring Archer Armor
39:39 Treadmill Crane
40:09 Masonry
40:07 Siege Engineers
39:43 Treadmill Crane
41:22 Two-Man Saw
41:44 Horse Collar
45:05 Scale Mail Armor
45:17 Forging
44:30 Man-at-Arms
45:11 Squires
44:31 Pikeman
44:57 Gambesons
44:58 Arson
45:26 Masonry
45:55 Long Swordsman
46:24 Gambesons
46:46 Two-Handed Swordsman
47:47 Chain Mail Armor
48:07 Iron Casting
48:32 Heavy Plow
49:04 Plate Mail Armor
48:02 Champion
StandingTall
1:08 Loom
10:58 Feudal Age
9:40 Double-Bit Axe
14:21 Horse Collar
20:45 Castle Age
19:05 Bow Saw
20:18 Gold Mining
21:24 Wheelbarrow
23:07 Stone Mining
23:33 Heavy Plow
24:11 Hand Cart
25:11 Town Watch
28:45 Heavy Plow
29:01 Husbandry
31:56 Imperial Age
29:38 Forging
29:05 Cavalier
31:16 Gold Shaft Mining
32:34 Iron Casting
32:27 Scale Barding Armor
33:34 Scale Mail Armor
34:21 Burgundian Vineyards
35:29 Conscription
36:19 Blast Furnace
34:42 Capped Ram
35:56 Paladin
35:58 Pikeman
36:57 Guilds
38:08 Chain Barding Armor
38:20 Chain Mail Armor
39:02 Caravan
40:46 Two-Man Saw
40:06 Squires
39:26 Halberdier
43:18 Light Cavalry
44:38 Plate Barding Armor
44:34 Plate Mail Armor
44:57 Crop Rotation
44:22 Hussar
45:21 Fletching
45:19 Arson
46:20 Hoardings
45:15 Sappers
48:41 Treadmill Crane
49:22 Ballistics
50:03 Chemistry
52:24 Bombard Tower
Connection lost

Rejoining the realm…

Still unreachable

The connection could not be restored.

Session expired

The server has moved on; the page needs a fresh start.